Map: Dusk Towers

Players

LindyHop

  • Race: Zerg Zerg
  • League: Platinum

NastyJoker - Winner!

  • Race: Terran Terran
  • League: Diamond

VOD

Have the link to the VOD?

Description

Time

  • Played on: Jan. 16, 2016, 9:14 p.m.
  • Length: 9:44
Show
View Real Time Build Order
Export as new Build Order

LindyHop Zerg 

Build Orders: Hatch First 

Get SALT Encoding   

  12  0:05  Drone  
  13  0:12  Overlord  
  13  0:17  Drone  
  14  0:30  Drone x2  
  16  0:50  Hatchery  
  16  0:53  Drone  
  16  0:56  Drone  
  17  1:11  Spawning Pool  
  17  1:17  Drone x2  
  18  1:22  Extractor  
  18  1:23  Drone  
  18  1:31  Drone  
  19  1:42  Overlord  
  19  1:59  Queen  
  21  2:02  Queen  
  21  2:04  Drone x2  
  21  2:07  Zergling x2  
  26  2:19  Zergling x2  
  26  2:22  Metabolic Boost  
  27  2:38  Zergling x4  
  29  2:45  Drone  
  29  2:46  Drone x2  
  32  2:51  Queen  
  34  3:07  Hatchery  
  33  3:15  Overlord  
  33  3:20  Drone x3  
  36  3:48  Lair  
  36  3:51  Roach Warren  
  36  3:53  Queen  
  37  4:01  Zergling x2  
  37  4:02  Zergling x10  
  43  4:06  Zergling x2  
  38  4:35  Queen  
  40  4:40  Drone  
  40  4:41  Drone x3  
  40  4:42  Extractor  
  43  4:48  Roach x3  
  43  4:50  Overlord x2  
  47  4:55  Spine Crawler  
  47  4:59  Spore Crawler  
  44  5:00  Spore Crawler, Drone  
  44  5:01  Drone x4  
  44  5:04  Drone  
  47  5:09  Spine Crawler  
  47  5:11  Roach  
  46  5:19  Spore Crawler  
  45  5:21  Drone x5  
  45  5:26  Roach  
  51  5:34  Drone x5  
  56  5:38  Overseer  
  56  5:41  Queen  
  56  5:58  Spire  
  56  6:00  Zergling x10  
  56  6:03  Hydralisk Den  
  56  6:12  Spore Crawler  
  56  6:13  Drone x4  
  56  6:14  Drone x3  
  60  6:19  Extractor  
  60  6:20  Extractor  
  60  6:23  Spore Crawler  
  53  6:26  Drone x2  
  53  6:27  Drone  
  52  6:39  Drone x5  
  56  6:53  Drone x5  
  61  7:06  Drone  
  62  7:12  Drone  
  62  7:13  Drone x3  
  66  7:27  Overlord x2  
  66  7:28  Overlord x2  
  66  7:40  Baneling Nest  
  64  7:46  Mutalisk x6  
  64  7:47  Extractor  
  64  7:48  Extractor  
  73  7:52  Overseer  
  71  8:01  Mutalisk  
  73  8:09  Mutalisk  
  73  8:11  Drone x3  
  73  8:12  Drone x4  
  82  8:24  Hatchery  
  81  8:27  Mutalisk  
  83  8:45  Mutalisk  
  85  8:54  Drone x5  
  90  8:56  Mutalisk x2  
  90  8:58  Queen  
  96  9:04  Mutalisk  
  98  9:11  Hatchery  
  98  9:13  Zergling x6  
  98  9:16  Zergling x2  
  95  9:17  Zergling x4  
  95  9:19  Overlord x2  
  95  9:20  Overlord, Spore Crawler  
Show
View Real Time Build Order
Export as new Build Order

NastyJoker Terran - Winner!

Build Orders: Reaper Expand, Hellion Banshee, MMM Bio 

Get SALT Encoding   

  12  0:03  SCV  
  13  0:15  SCV  
  13  0:19  Supply Depot  
  14  0:27  SCV  
  15  0:29  Refinery  
  15  0:41  SCV  
  16  0:45  Barracks  
  16  0:53  SCV  
  17  1:05  SCV  
  18  1:35  Reaper, Orbital Command  
  19  1:44  Command Center  
  19  1:54  Factory  
  19  2:03  Supply Depot  
  19  2:04  SCV  
  20  2:08  Barracks Reactor  
  20  2:21  SCV  
  21  2:33  SCV  
  22  2:47  Starport  
  21  2:53  Hellion x2  
  21  2:55  SCV  
  26  2:59  Orbital Command  
  26  3:04  Barracks Tech Lab  
  26  3:06  Refinery  
  26  3:07  SCV  
  27  3:14  Hellion x2  
  27  3:19  SCV  
  32  3:28  SCV  
  32  3:31  SCV  
  32  3:32  Banshee  
  37  3:41  SCV  
  38  3:44  SCV  
  38  3:46  Hellion x2  
  43  3:49  Supply Depot  
  43  3:53  SCV, Cloaking Field  
  44  3:56  SCV  
  45  4:05  SCV  
  46  4:19  Banshee, Hellion x2  
  46  4:20  SCV  
  54  4:26  SCV  
  54  4:27  Supply Depot  
  55  4:32  SCV  
  55  4:38  SCV  
  55  4:39  Command Center  
  55  4:44  SCV  
  56  4:46  Armory  
  51  5:15  SCV x2  
  51  5:17  Banshee  
  51  5:18  Hellion x2  
  58  5:25  Refinery  
  58  5:27  SCV x2  
  60  5:30  Barracks Tech Lab  
  60  5:32  Barracks x3  
  60  5:39  SCV x2  
  62  5:51  SCV  
  62  5:52  Refinery  
  62  5:55  SCV, Orbital Command  
  62  5:57  Hellion x2, Stimpack, Marine  
  68  6:04  SCV  
  70  6:17  SCV x2  
  72  6:20  Hellion x2  
  76  6:26  Barracks Reactor x3  
  76  6:28  Orbital Command  
  76  6:31  SCV x2  
  79  6:33  Engineering Bay  
  79  6:36  Engineering Bay  
  78  6:44  SCV  
  78  6:45  SCV  
  80  6:57  SCV, Marine  
  82  7:05  SCV x2  
  84  7:12  Refinery  
  84  7:14  Supply Depot, Refinery, Marine  
  84  7:15  Supply Depot  
  85  7:20  Missile Turret  
  85  7:22  Missile Turret  
  85  7:23  Missile Turret x2  
  85  7:24  Missile Turret  
  85  7:26  Terran Infantry Weapons Level 1, Terran Infantry Armor Level 1, Missile Turret  
  85  7:29  Missile Turret  
  85  7:32  Missile Turret  
  85  7:36  SCV, Medivac x2, Bunker, Marine x5  
  100  7:37  SCV x2, Siege Tank  
  100  7:42  Bunker  
  100  7:43  Sensor Tower  
  100  7:48  SCV  
  101  8:11  SCV, Medivac x2, Marine x3  
  109  8:12  Combat Shields  
  109  8:23  Supply Depot x2  
  109  8:24  Supply Depot  
  109  8:25  Supply Depot  
  109  8:26  SCV x3, Marine x4  
  116  8:27  Supply Depot  
  116  8:29  Marine  
  117  8:44  SCV x2, Marine  
  120  8:49  SCV  
  120  8:51  Marine  
  120  8:52  Marine x5  
  120  8:53  Medivac  
  129  8:56  Command Center, SCV x2  
  129  9:01  SCV  
  132  9:08  SCV  
  132  9:22  Marine x2  
  132  9:23  Marine x5  
Tags
 
Add a new tag
Caveats
  • Supply blocks, unpowered buildings, or Contaminate may cause inaccurate times.
  • Supply counts are checked every 10 seconds.